 Dungeon Crawl Stone Soup version 0.27.1 (webtiles) character file.

Game seed: 11300063657766534268

3760 chaosape the Chopper (level 10, -9/77 HPs)
             Began as a Gnoll Wanderer on Aug 29, 2021.
             Was a Follower of Okawaru.
             Mangled by a hornet (10 damage)
             ... on level 9 of the Dungeon.
             The game lasted 01:04:58 (9270 turns).

chaosape the Chopper (Gnoll Wanderer)               Turns: 9270, Time: 01:04:58

Health: -9/77      AC: 17    Str: 19    XL:     10   Next: 15%
Magic:  18/18      EV:  7    Int: 11    God:    Okawaru [*.....]
Gold:   463        SH:  5    Dex: 12    Spells: 20/20 levels left

rFire    + . .     SeeInvis .   o - +4 flail (protect)
rCold    . . .     Faith    .   g - +0 buckler
rNeg     . . .     Spirit   .   Y - +0 plate armour
rPois    .         Reflect  .   (no helmet)
rElec    .         Harm     .   B - +0 cloak
rCorr    .         Rampage  .   (no gloves)
Will     .....                  (no boots)
Stlth    ..........             x - amulet of the acrobat
HPRegen  0.22/turn              t - +4 ring of protection
MPRegen  0.16/turn              k - ring "Etuimm" {rF+ Str+4}

@: lethally poisoned (-9 -> -20), about to teleport, slowed, very slow
A: fangs 1, strong nose, distributed training
a: Renounce Religion, Heroism


You were on level 9 of the Dungeon.
You worshipped Okawaru.
Okawaru was aware of your devotion.
You visited 2 branches of the dungeon, and saw 10 of its levels.

You collected 463 gold pieces.

Inventory:

Hand Weapons
 a - a +1 dagger of freezing
 e - a +1 hand axe of freezing
 f - a +3 dagger
 h - a +0 hunting sling
 o - a +4 flail of protection (weapon)
 v - a +3 battleaxe
 F - a +2 whip of flaming
 H - a +2 hand axe of venom
 L - a +4 flail
 N - a +3 antimagic dagger
 P - a +1 flail of draining
 S - a +3 morningstar of freezing
 X - a +1 falchion of freezing
Missiles
 c - 92 arrows
 n - 40 bolts
 r - 5 javelins (quivered)
 G - 23 sling bullets
 I - 35 boomerangs
 O - 36 poisoned darts
 U - 96 stones
 V - 3 silver javelins
Armour
 g - a +0 buckler (worn)
 l - a +2 robe of resistance
 B - a +0 cloak (worn)
 Q - a +2 ring mail of poison resistance
 Y - a +0 plate armour (worn)
Magical Staves
 z - a staff of cold
Jewellery
 i - a ring of resist corrosion
 k - the ring "Etuimm" (right hand) {rF+ Str+4}
   (You acquired it on level 4 of the Dungeon)

   [ring of protection from fire]

   Str:       It affects your strength (+4).
   rF:        It protects you from fire.
 t - a +4 ring of protection (left hand)
 w - an amulet of the acrobat
 x - an amulet of the acrobat (around neck)
 A - a ring of ice
Wands
 M - a wand of mindburst (6)
 W - a wand of acid (6)
 Z - a wand of digging (5)
Scrolls
 b - a scroll of teleportation
 j - a scroll of fog
 m - a scroll of torment
 y - a scroll of amnesia
 T - 2 scrolls of blinking
Potions
 d - a potion of might {unknown}
 p - 2 potions of resistance {unknown}
 s - 2 potions of brilliance
 u - a potion of berserk rage {unknown}
 C - a potion of cancellation {unknown}
 D - 4 potions of heal wounds {unknown}
 E - 3 potions of flight
 J - 2 potions of degeneration {unknown}
 K - a potion of magic {unknown}
 R - 2 potions of haste {unknown}


   Skills:
 + Level 6.8 Fighting
 + Level 5.0 Short Blades
 + Level 5.0 Long Blades
 + Level 6.8 Axes
 + Level 5.0 Maces & Flails
 + Level 5.0 Polearms
 + Level 5.0 Staves
 + Level 5.0 Slings
 + Level 5.0 Bows
 + Level 5.0 Crossbows
 + Level 5.0 Throwing
 + Level 5.7 Armour
 + Level 5.0 Dodging
 + Level 6.6 Stealth
 + Level 5.0 Shields
 + Level 5.0 Unarmed Combat
 + Level 5.8 Spellcasting
 + Level 4.1 Conjurations
 + Level 4.1 Hexes
 + Level 4.1 Summonings
 + Level 4.1 Necromancy
 + Level 4.1 Translocations
 + Level 4.1 Transmutations
 + Level 5.7 Fire Magic
 + Level 4.1 Ice Magic
 + Level 4.1 Air Magic
 + Level 4.1 Earth Magic
 + Level 4.1 Poison Magic
 + Level 5.5 Invocations
 + Level 5.0 Evocations


You had 20 spell levels left.
You didn't know any spells.
Your spell library contained the following spells:

 Spells                   Type           Power      Damage    Failure   Level
 Foxfire                  Conj/Fire      56%        2x1d6     58%         1
 Beastly Appendage        Tmut           24%        N/A       69%         1
 Summon Small Mammal      Summ           48%        N/A       69%         1
 Ensorcelled Hibernation  Hex/Ice        24%        N/A       83%         2
 Wereblood                Tmut           12%        N/A       83%         2
 Conjure Flame            Conj/Fire      14%        6-21      91%         3
 Inner Flame              Hex/Fire       14%        N/A       91%         3
 Call Canine Familiar     Summ           12%        N/A       96%         3
 Spider Form              Tmut/Pois      6%         N/A       96%         3
 Summon Guardian Golem    Hex/Summ       12%        N/A       96%         3
 Tukima's Dance           Hex            12%        N/A       96%         3
 Passage of Golubria      Tloc           N/A        N/A       100%        4
 Fireball                 Conj/Fire      7%         3d5       100%        5
 Iskenderun's Battlesphe  Conj           12%        2d7       100%        5
 Yara's Violent Unravell  Hex/Tmut       6%         3d5       100%        5
 Conjure Ball Lightning   Conj/Air       6%         3x3d6     100%        6
 Shadow Creatures         Summ           N/A        N/A       100%        6
 Orb of Destruction       Conj           6%         9d3       100%        7


Dungeon Overview and Level Annotations

Branches:
Dungeon (9/15)             Temple (1/1) D:7
   Lair: D:8-11         Orc: D:9-12

Altars:
Ashenzari
Cheibriados
Dithmenos
Elyvilon
Fedhas
Gozag
Hepliaklqana
Kikubaaqudgha
Makhleb
Nemelex Xobeh
Okawaru
Qazlal
Ru
Sif Muna
Trog
Vehumet
Wu Jian
Xom
Yredelemnul
Zin
The Shining One

Annotations:
D:4 Grinder


Innate Abilities, Weirdness & Mutations

You have very sharp teeth.
Your uncanny sense of smell can sniff out nearby items.
Your experience applies equally to all skills.


Message History

The hornet stings you but does no damage.
The killer bee stings you but does no damage.
You miss the hornet.
The hornet is heavily wounded.
You feel sick. You block the hornet's attack.
You block the killer bee's attack. The hornet stings you!
You feel yourself slow down.
The killer bee stings you but does no damage.
You closely miss the hornet.
The hornet is heavily wounded.
You feel sick. The killer bee stings you.
You are more poisoned.
The killer bee poisons you! The hornet stings you.
You suddenly lose the ability to move!
The killer bee stings you but does no damage.
The hornet stings you.
You are more poisoned.
You feel as though you will be slow longer.
The killer bee stings you.
* * * LOW HITPOINT WARNING * * *
You feel very sick.
The killer bee stings you but does no damage.
The hornet stings you!
* * * LOW HITPOINT WARNING * * *
You feel as though you will be slow longer.
The killer bee stings you but does no damage.
The hornet stings you.
* * * LOW HITPOINT WARNING * * *
You feel as though you will be slow longer.
You can move again.
Okay, then.
As you read the scroll of teleportation, it crumbles to dust.
You feel strangely unstable.
* * * LOW HITPOINT WARNING * * *
You feel very sick.
The killer bee stings you but does no damage.
The hornet barely misses you.
The killer bee stings you but does no damage.
You block the killer bee's attack. The hornet stings you!
You die...

+.... #... #.... #... .
#..## #... }. #.. #..#
... #. #####..# .... #
#......# .....
#.....y#y.....
#.....@yy.....
#......#y.....
#......###.###### ..
#........# #....# #..
#........# #....#∆ #..
#........# #....# +..
#........###....#####..
##.....................
#.....................


You could see a hornet and 4 killer bees.

Vanquished Creatures
  Pikel (D:4)
  4 yaks (D:9)
  2 steam dragons
  Menkaure (D:6)
  Edmund (D:4)
  An acid dragon (D:8)
  2 ice beasts
  A necrophage (D:4)
  4 sky beasts (D:7)
  A phantom (D:5)
  A centaur (D:9)
  A wyvern zombie (D:7)
  A gnoll sergeant (D:6)
  2 scorpions
  7 wights
  A killer bee (D:9)
  3 centaur zombies
  A hound (D:6)
  3 bullfrog skeletons
  A jelly (D:5)
  2 orc priests
  3 iguanas (D:6)
  5 orc wizards
  Ijyb (D:4)
  A gnoll shaman (D:6)
  9 gnolls (D:6)
  4 adders
  A white imp (D:6)
  An ufetubus (D:6)
  2 dart slugs
  11 orcs
  4 bats (D:2)
  10 endoplasms
  3 giant cockroaches
  8 goblins
  6 hobgoblins
  12 jackals
  3 kobolds (D:2)
  4 quokkas
  3 ball pythons
  A frilled lizard (D:2)
  2 rats
135 creatures vanquished.

Vanquished Creatures (others)
  A fungus (D:9)
1 creature vanquished.

Grand Total: 136 creatures vanquished

Notes
Turn   | Place    | Note
-------+----------+-------------------------------------------
     0 | D:1      | chaosape the Gnoll Wanderer began the quest for the Orb.
     0 | D:1      | chaosape set off with the following items: a +0 club, a
                  | scroll of teleportation, a potion of lignification, a +2
                  | scale mail, a +0 dagger
     0 | D:1      | Reached XP level 1. HP: 20/20 MP: 4/4
   420 | D:1      | Reached XP level 2. HP: 26/26 MP: 5/5
   884 | D:2      | Reached XP level 3. HP: 19/31 MP: 7/7
  1158 | D:2      | Reached skill level 1 in Invocations
  1287 | D:2      | Reached skill level 1 in Short Blades
  1287 | D:2      | Reached skill level 1 in Long Blades
  1287 | D:2      | Reached skill level 1 in Maces & Flails
  1287 | D:2      | Reached skill level 1 in Polearms
  1287 | D:2      | Reached skill level 1 in Staves
  1287 | D:2      | Reached skill level 1 in Slings
  1287 | D:2      | Reached skill level 1 in Bows
  1287 | D:2      | Reached skill level 1 in Crossbows
  1287 | D:2      | Reached skill level 1 in Throwing
  1287 | D:2      | Reached skill level 1 in Dodging
  1287 | D:2      | Reached skill level 1 in Shields
  1287 | D:2      | Reached skill level 1 in Unarmed Combat
  1287 | D:2      | Reached skill level 1 in Evocations
  1297 | D:2      | Found a faded altar of an unknown god.
  1471 | D:2      | Reached XP level 4. HP: 36/38 MP: 8/8
  1954 | D:3      | Found a shimmering altar of Xom.
  2449 | D:3      | Found a glowing silver altar of Zin.
  2449 | D:3      | Noticed an angel
  2501 | D:3      | Reached skill level 1 in Conjurations
  2501 | D:3      | Reached skill level 1 in Hexes
  2501 | D:3      | Reached skill level 1 in Summonings
  2501 | D:3      | Reached skill level 1 in Necromancy
  2501 | D:3      | Reached skill level 1 in Translocations
  2501 | D:3      | Reached skill level 1 in Transmutations
  2501 | D:3      | Reached skill level 1 in Ice Magic
  2501 | D:3      | Reached skill level 1 in Air Magic
  2501 | D:3      | Reached skill level 1 in Earth Magic
  2501 | D:3      | Reached skill level 1 in Poison Magic
  2766 | D:3      | Reached XP level 5. HP: 43/43 MP: 9/9
  3068 | D:4      | Identified a scroll of acquirement
  3070 | D:4      | Acquired the ring "Etuimm" {rF+ Str+4}
  3289 | D:4      | Noticed Ijyb
  3301 | D:4      | Killed Ijyb
  3315 | D:4      | Noticed a necrophage
  3329 | D:4      | Killed a necrophage
  3330 | D:4      | Reached XP level 6. HP: 50/50 MP: 9/11
  3440 | D:4      | Found a broken altar of Ashenzari.
  3473 | D:4      | Noticed Edmund
  3484 | D:4      | Killed Edmund
  3485 | D:4      | Reached skill level 5 in Fighting
  3485 | D:4      | Reached skill level 5 in Axes
  3495 | D:4      | Noticed Grinder
  3570 | D:4      | Paralysed by Grinder for 5 turns
  3578 | D:4      | Paralysed by Grinder for 6 turns
  3584 | D:4      | HP: 1/50 [Grinder/nerve-wracking pain (9)]
  3999 | D:4      | Noticed Pikel
  4029 | D:4      | Killed Pikel
  4030 | D:4      | Reached skill level 5 in Stealth
  4030 | D:4      | Reached XP level 7. HP: 43/56 MP: 11/13
  4181 | D:5      | Entered Level 5 of the Dungeon
  4236 | D:5      | Reached XP level 8. HP: 59/63 MP: 14/14
  4319 | D:5      | Found a sacrificial altar of Ru.
  4430 | D:5      | Found a hazy altar of Hepliaklqana.
  5220 | D:6      | Noticed Menkaure
  5228 | D:6      | Killed Menkaure
  5229 | D:6      | Reached skill level 5 in Fire Magic
  5229 | D:6      | Reached XP level 9. HP: 69/69 MP: 16/16
  5901 | D:7      | Reached skill level 5 in Spellcasting
  6340 | D:7      | Reached skill level 5 in Armour
  6584 | D:7      | Found a staircase to the Ecumenical Temple.
  6593 | D:7      | Found a hazy altar of Hepliaklqana.
  6922 | Temple   | Entered the Ecumenical Temple
  7071 | Temple   | Became a worshipper of Warmaster Okawaru
  8247 | D:8      | Reached skill level 5 in Invocations
  8742 | D:9      | Found a white marble altar of Elyvilon.
  8874 | D:9      | Reached * piety under Okawaru
  8875 | D:9      | Reached XP level 10. HP: 69/77 MP: 18/18
  8988 | D:9      | Reached skill level 5 in Short Blades
  8988 | D:9      | Reached skill level 5 in Long Blades
  8988 | D:9      | Reached skill level 5 in Maces & Flails
  8988 | D:9      | Reached skill level 5 in Polearms
  8988 | D:9      | Reached skill level 5 in Staves
  8988 | D:9      | Reached skill level 5 in Slings
  8988 | D:9      | Reached skill level 5 in Bows
  8988 | D:9      | Reached skill level 5 in Crossbows
  8988 | D:9      | Reached skill level 5 in Throwing
  8988 | D:9      | Reached skill level 5 in Dodging
  8988 | D:9      | Reached skill level 5 in Shields
  8988 | D:9      | Reached skill level 5 in Unarmed Combat
  8988 | D:9      | Reached skill level 5 in Evocations
  9268 | D:9      | Paralysed by a hornet for 2 turns
  9270 | D:9      | HP: 1/77 [poisoned by a hornet]
  9270 | D:9      | Mangled by a hornet

Illustrated notes

Levels and vault maps discovered:
D:1:      wander_arrival_abandoned_jail, layout_basic
D:2:      layout_loops_ring, shapermc_ecumenical_altar_venn, minmay_diced_spiral
D:3:      layout_basic, zin_angel, mainiacjoe_overflow_cross_hatched
D:4:      layout_gridville, ashenzari_conservatory_becter,
          kennysheep_generic_room_13, uniq_ijyb, uniq_edmund, uniq_pikel,
          uniq_grinder
D:5:      layout_gridville, hangedman_feature_mirror, serial_park_tiny_2
D:6:      layout_loops_cross, skrybe_limestone_x, kennysheep_decorative_pillar,
          uniq_menkaure
D:7:      layout_gridville, nicolae_overflow_hidden_temple,
          minmay_temple_entry_tees, enter_bailey_5, nrook_uturn,
          serial_bayou_pond_d
D:8:      layout_basic, overflow_temple_1_default, minmay_lair_entry_lava,
          david_defended_altar_orc, uniq_grum
D:9:      layout_irregular_city, elyvilon_altar_1,
          chequers_hall_statues_corner_a
Temple:   compressed_dpeg_circular_temple

Skill      XL: |  1  2  3  4  5  6  7  8  9 10 |
---------------+-------------------------------+-----
Invocations    | 1 2 3 4 5 |  5.5
Short Blades   | 1 2 3 4 5 |  5.0
Long Blades    | 1 2 3 4 5 |  5.0
Maces & Flails | 1 2 3 4 5 |  5.0
Polearms       | 1 2 3 4 5 |  5.0
Staves         | 1 2 3 4 5 |  5.0
Slings         | 1 2 3 4 5 |  5.0
Bows           | 1 2 3 4 5 |  5.0
Crossbows      | 1 2 3 4 5 |  5.0
Throwing       | 1 2 3 4 5 |  5.0
Dodging        | 1 2 3 4 5 |  5.0
Shields        | 1 2 3 4 5 |  5.0
Unarmed Combat | 1 2 3 4 5 |  5.0
Evocations     | 1 2 3 4 5 |  5.0
Spellcasting   | 3 4 5 |  5.8
Conjurations   | 1 2 3 4 |  4.1
Hexes          | 1 2 3 4 |  4.1
Summonings     | 1 2 3 4 |  4.1
Necromancy     | 1 2 3 4 |  4.1
Translocations | 1 2 3 4 |  4.1
Transmutations | 1 2 3 4 |  4.1
Ice Magic      | 1 2 3 4 |  4.1
Air Magic      | 1 2 3 4 |  4.1
Earth Magic    | 1 2 3 4 |  4.1
Poison Magic   | 1 2 3 4 |  4.1
Armour         | 3 4 5 |  5.7
Fire Magic     | 4 5 |  5.7
Fighting       | 5 6 |  6.8
Axes           | 5 6 |  6.8
Stealth        | 5 6 |  6.6

Action                   |  1- 3 |  4- 6 |  7- 9 | 10-12 || total
-------------------------+-------+-------+-------+-------++-------
Melee: Dagger            |    10 |       |       |       ||    10
       Club              |     4 |       |       |       ||     4
       Flail             |    90 |   111 |   284 |    43 ||   528
       Bite              |     5 |    17 |    34 |     4 ||    60
       Hand axe          |       |    61 |       |       ||    61
Throw: Javelin           |       |     2 |    14 |       ||    16
Evoke: Wand              |       |     4 |    13 |       ||    17
  Use: Potion            |     1 |     2 |     1 |       ||     4
       Scroll            |       |     8 |    10 |     2 ||    20
 Stab: Paralysed         |       |     6 |     5 |       ||    11
Armor: Scale mail        |    61 |    96 |   142 |       ||   299
       Skin              |    44 |       |       |       ||    44
       Plate armour      |       |       |    79 |    44 ||   123
Dodge: Dodged            |    42 |    78 |   210 |    27 ||   357
Block: Buckler           |    24 |    24 |    99 |    21 ||   168
